 Dungeon Crawl Stone Soup version 0.27-a0-1105-g946c659c87 (webtiles) character file.

Game seed: 8891304788282025771

912 UncommonGray the Covert (level 7, -16/33 HPs)
             Began as a Spriggan Enchanter on Apr 30, 2021.
             Killed from afar by a gargoyle (29 damage)
             ... with a stone arrow
             ... on level 6 of the Dungeon on May 1, 2021.
             The game lasted 00:20:10 (7306 turns).

UncommonGray the Covert (Spriggan Enchanter)        Turns: 7306, Time: 00:20:11

Health: -16/33     AC:  3    Str:  4    XL:     7   Next: 82%
Magic:  17/17      EV: 19    Int: 16    God:
Gold:   153        SH:  0    Dex: 18    Spells: 4/18 levels left

rFire    . . .     SeeInvis +   a - +2 dagger (spect)
rCold    . . .     Faith    .   (shield restricted)
rNeg     . . .     Spirit   .   b - +0 robe
rPois    +         Reflect  .   (helmet restricted)
rElec    .         Harm     .   f - +0 cloak
rCorr    .         Rampage  .   (gloves unavailable)
Will     +....                  (boots unavailable)
Stlth    ++++......             (no amulet)
HPRegen  0.11/turn              c - ring of poison resistance
MPRegen  0.15/turn              (no ring)

@: very quick
A: very small, no large weapons, unfitting armour, see invisible, speed 3
a: no special abilities


You were on level 6 of the Dungeon.
You visited 1 branch of the dungeon, and saw 6 of its levels.

You collected 153 gold pieces.

Inventory:

Hand Weapons
 a - a +2 spectral dagger (weapon)
Missiles
 p - 7 atropa-tipped darts (quivered)
Armour
 b - a +0 robe (worn)
 f - a +0 cloak (worn)
 o - a +0 buckler
Jewellery
 c - a ring of poison resistance (left hand)
Wands
 n - a wand of paralysis (12)
Scrolls
 k - 2 scrolls of identify
Potions
 d - 2 potions of lignification
 g - 2 potions of haste
 h - a potion of mutation {unknown}
 i - a potion of might {unknown}
 j - 2 potions of curing {unknown}
 q - a potion of flight


   Skills:
 + Level 1.0 Fighting
 + Level 3.2 Short Blades
 + Level 4.5 Dodging
 + Level 8.0 Stealth
 + Level 6.3 Spellcasting
 + Level 5.8 Hexes
 + Level 1.4 Ice Magic


You had 4 spell levels left.
You knew the following spells:

 Your Spells              Type           Power      Damage    Failure   Level
a - Corona                Hex            25%        N/A       1%          1
b - Ensorcelled Hibernat  Hex/Ice        32%        N/A       4%          2
c - Confusing Touch       Hex            23%        N/A       3%          3
d - Tukima's Dance        Hex            23%        N/A       3%          3
e - Metabolic Englaciati  Hex/Ice        8%         N/A       63%         5

Your spell library contained the following spells:

 Spells                   Type           Power      Damage    Failure   Level
 Freeze                   Ice            36%        1d6       8%          1
 Dazzling Flash           Conj/Hex       28%        N/A       12%         3
 Summon Guardian Golem    Hex/Summ       14%        N/A       12%         3
 Animate Skeleton         Necr           10%        N/A       14%         1
 Magic Dart               Conj           20%        1d4       14%         1
 Pain                     Necr           20%        1d5       14%         1
 Sandblast                Erth           10%        2d5       14%         1
 Summon Small Mammal      Summ           20%        N/A       14%         1
 Call Imp                 Summ           5%         N/A       21%         2
 Passwall                 Tmut/Erth      4%         N/A       21%         2
 Searing Ray              Conj           10%        3d3       21%         2
 Frozen Ramparts          Ice            18%        1d3       22%         3
 Ozocubu's Armour         Ice            9%         N/A       22%         3
 Call Canine Familiar     Summ           5%         N/A       38%         3
 Stone Arrow              Conj/Erth      10%        3d7       38%         3
 Vampiric Draining        Necr           2%         2d6       38%         3
 Fulminant Prism          Conj/Hex       7%         3d7       38%         4
 Hailstorm                Conj/Ice       7%         3d4       69%         4
 Summon Ice Beast         Ice/Summ       7%         N/A       69%         4
 Animate Dead             Necr           2%         N/A       80%         4
 Iskenderun's Mystic Bla  Conj/Tloc      5%         2d3       80%         4
 Petrify                  Tmut/Erth      5%         N/A       80%         4
 Summon Lightning Spire   Summ/Air       5%         N/A       80%         4
 Agony                    Necr           5%         N/A       98%         5
 Lee's Rapid Deconstruct  Erth           2%         3d6*      98%         5


Dungeon Overview and Level Annotations

Branches:
Dungeon (6/15)
 Temple: D:4-7

Altars:
Cheibriados

Shops:
D:2 *


Innate Abilities, Weirdness & Mutations

You are very small and have problems with some larger weapons.
You are too small for most types of armour.
You have supernaturally acute eyesight. (SInv)
You cover ground extremely quickly. (Speed+++)


Message History

You hit the ufetubus.
The ufetubus is heavily wounded.
The ufetubus completely misses you. The ufetubus closely misses you.
The wyvern skeleton closely misses you.
Casting: Corona (safe; 1% risk of failure)
Confirm with . or Enter, or press ? or * to list all spells.
Aiming: Corona (safe; 1% risk of failure)
Press: ? - help, Shift-Dir - straight line, f - ufetubus, p - wyvern skeleton
Aim: an ufetubus (heavily wounded, chance to affect: 71%)
The ufetubus barely resists.
The ufetubus closely misses you. x2
The wyvern skeleton closely misses you. The ufetubus barely misses you.
The ufetubus closely misses you.
You barely miss the ufetubus.
The ufetubus is heavily wounded.
The wyvern skeleton stops glowing.
The wyvern skeleton barely misses you. The ufetubus misses you.
The ufetubus hits you.
You miss the ufetubus.
The ufetubus is heavily wounded.
The ufetubus closely misses you. The ufetubus hits you.
The wyvern skeleton bites you!
You are too injured to fight recklessly!
You are too injured to fight recklessly!
You are too injured to fight recklessly!
As you read the scroll labelled IJEOSUID ZUERI, it crumbles to dust.
It is a scroll of brand weapon.
Your +2 dagger acquires a faint afterimage.
a - a +2 spectral dagger (weapon)
The ufetubus closely misses you. The ufetubus barely misses you.
The wyvern skeleton misses you. The ufetubus barely misses you.
The ufetubus misses you.
Okay, then.
The wyvern skeleton barely misses you. The wyvern skeleton closely misses you.
Found 21 arrows.
The gargoyle hurls a stone arrow at you.
The stone arrow misses you.
The gargoyle hurls a stone arrow at you.
The stone arrow hits you!!
Ouch! That really hurt!
You die...

.....#....#.##
.....##...#..##
.....###......##
.....###........ #####
.#.....#........ ##...#
##.............. #....##
................ ##.....#
#..#............###....##
#).#............@.5.....###
....................##....#
..........................#
...................#9....##
##..............?..#.Z..##
........................#
.....#..................#
.....##.........###.....#
..#..##..#......#.......###


You could see a gargoyle, an ufetubus and a wyvern skeleton.

Vanquished Creatures
  2 black bears
  A sky beast (D:5)
  2 centaurs
  A gnoll sergeant (D:5)
  A scorpion (D:5)
  A centaur zombie (D:6)
  A centaur skeleton (D:6)
  A bullfrog skeleton (D:5)
  An iguana (D:4)
  2 hound skeletons (D:5)
  6 gnolls
  6 adders
  5 worms
  2 dart slugs
  An orc (D:3)
  10 endoplasms
  6 giant cockroaches
  5 goblins
  4 hobgoblins
  3 jackals (D:2)
  6 quokkas
  3 ball pythons
  5 bats
  5 kobolds
  2 rats (D:2)
82 creatures vanquished.

Vanquished Creatures (collateral kills)
  4 gnolls
4 creatures vanquished.

Vanquished Creatures (others)
  A dancing weapon (D:6)
  2 plants (D:2)
3 creatures vanquished.

Grand Total: 89 creatures vanquished

Notes
Turn   | Place    | Note
-------+----------+-------------------------------------------
     0 | D:1      | UncommonGray the Spriggan Enchanter began the quest for the
                  | Orb.
     0 | D:1      | Reached XP level 1. HP: 9/9 MP: 5/5
   402 | D:1      | Reached XP level 2. HP: 9/13 MP: 4/6
   411 | D:1      | Learned a level 2 spell: Ensorcelled Hibernation
   539 | D:1      | Found a faded altar of an unknown god.
  1676 | D:2      | Reached XP level 3. HP: 16/16 MP: 4/8
  1882 | D:2      | Reached skill level 5 in Stealth
  2003 | D:2      | Found Bede's Assorted Antiques.
  2343 | D:2      | Learned a level 3 spell: Confusing Touch
  2585 | D:3      | Reached XP level 4. HP: 21/21 MP: 6/10
  3268 | D:3      | Noticed a black bear
  3626 | D:3      | Killed a black bear
  3627 | D:3      | Reached skill level 1 in Ice Magic
  3627 | D:3      | Reached XP level 5. HP: 16/24 MP: 1/12
  4395 | D:4      | Learned a level 3 spell: Tukima's Dance
  4416 | D:4      | Found a snail-covered altar of Cheibriados.
  4840 | D:4      | Reached skill level 6 in Stealth
  5232 | D:4      | Reached XP level 6. HP: 29/29 MP: 7/14
  5361 | D:5      | Entered Level 5 of the Dungeon
  5369 | D:5      | Learned a level 5 spell: Metabolic Englaciation
  5407 | D:5      | Noticed a sky beast
  5414 | D:5      | Killed a sky beast
  5415 | D:5      | Reached skill level 7 in Stealth
  5415 | D:5      | Reached skill level 5 in Spellcasting
  5415 | D:5      | Reached skill level 5 in Hexes
  5831 | D:5      | Reached XP level 7. HP: 16/32 MP: 6/15
  7064 | D:6      | Noticed a gargoyle
  7249 | D:6      | Noticed a yak
  7249 | D:6      | Noticed a yak
  7249 | D:6      | Noticed a yak
  7249 | D:6      | Noticed a yak
  7250 | D:6      | Noticed a yak
  7251 | D:6      | Reached skill level 1 in Fighting
  7251 | D:6      | Reached skill level 8 in Stealth
  7306 | D:6      | Killed from afar by a gargoyle

Illustrated notes

Levels and vault maps discovered:
D:1:      dpeg_arrival_water_temple_mockup, layout_basic,
          ebering_ecumenical_altar_rust
D:2:      layout_rooms, serial_shops, nicolae_shop_overgrown_old_shop,
          amcnicky_mini_rare_corridor_liquid, chequers_serial_rivers_micro_b,
          fountainhead
D:3:      minmay_angry_zag, layout_loops_corners
D:4:      layout_gridville, general_overflow_altar, kennysheep_small_spiral,
          mrwooster_statue_mirror, kennysheep_another_room
D:5:      layout_rooms
D:6:      layout_cave_pools

Skill      XL: |  1  2  3  4  5  6  7 |
---------------+----------------------+-----
Dodging        | 3 4 |  4.5
Hexes          | 4 5 |  5.8
Spellcasting   | 3 4 5 6 |  6.3
Stealth        | 5 6 7 8 |  8.0
Ice Magic      | 1 |  1.4
Short Blades   | 2 3 |  3.2
Fighting       | 1 |  1.0

Action                   |  1- 3 |  4- 6 |  7- 9 || total
-------------------------+-------+-------+-------++-------
Melee: Dagger            |   114 |   131 |    75 ||   320
 Cast: Corona            |    22 |    16 |     4 ||    42
       Ensorcelled Hiber |    12 |    23 |     5 ||    40
       Confusing Touch   |       |     6 |     5 ||    11
       Tukima's Dance    |       |     2 |     3 ||     5
  Use: Scroll            |       |    11 |     2 ||    13
 Stab: Sleeping          |    17 |    24 |     5 ||    46
       Confused          |       |     4 |     3 ||     7
Armor: Robe              |    17 |    13 |    16 ||    46
Dodge: Dodged            |    81 |    92 |   117 ||   290

Table legend: (Time is in decaauts)
 A = Elapsed time spent in this place.
 B = Non-inter-level travel time spent in this place.
 C = Inter-level travel time spent in this place.
 D = Time resting spent in this place.
 E = Time spent auto-exploring this place.
 F = Levels seen in this place.
 G = Mean time per level.
                   A        B        C        D        E       F      G
               +--------+--------+--------+--------+--------+-----+--------+
         Total |   5947 |   5814 |    133 |   1008 |   3936 |   6 |  991.2 |
       Dungeon |   5947 |   5814 |    133 |   1008 |   3936 |   6 |  991.2 |
               +--------+--------+--------+--------+--------+-----+--------+

Top non-repeatable levels by time:
     D:3: 1674 daAuts
     D:5: 1210 daAuts
     D:1: 1105 daAuts
     D:2: 748 daAuts
     D:4: 710 daAuts
     D:6: 497 daAuts
